 Dungeon Crawl Stone Soup version 0.29-a0-398-ge13fd1374b (webtiles) character file.

Game seed: 2177597717250376973

70 happo123 the Digger (level 4, -3/24 HPs)
             Began as a Gargoyle Earth Elementalist on May 12, 2022.
             Slain by a gnoll
             ... wielding a +0 flail
              (4 damage)
             ... on level 2 of the Dungeon.
             The game lasted 00:08:07 (1081 turns).

happo123 the Digger (Gargoyle Earth Elementalist)   Turns: 1081, Time: 00:08:09

Health: -3/24      AC:  8    Str: 12    XL:     4   Next: 21%
Magic:  0/7        EV: 11    Int: 17    God:
Gold:   61         SH:  0    Dex: 10    Spells: 4/8 levels left

rFire   . . .      SeeInvis .   (no weapon)
rCold   . . .      Faith    .   (no shield)
rNeg    + . .      Spirit   .   h - +0 leather armour
rPois   ∞          Reflect  .   j - +2 hat
rElec   +          Harm     .   (no cloak)
rCorr   .          Rampage  .   (no gloves)
Will    .....                   (no boots)
Stlth   ++........              m - amulet of the acrobat
HPRegen 0.08/turn               (no ring)
MPRegen 0.10/turn               (no ring)

@: no status effects
A: sickness immunity, AC +3, negative energy resistance 1, electricity
resistance, torment resistance 1, petrification resistance
a: no special abilities


You were on level 2 of the Dungeon.
You visited 1 branch of the dungeon, and saw 2 of its levels.

You collected 61 gold pieces.

Inventory:

Missiles
 a - 7 stones
Armour
 b - a +0 robe
 h - a +0 leather armour (worn)
 j - a +2 hat (worn)
Jewellery
 m - an amulet of the acrobat (around neck)
Scrolls
 d - a scroll of noise {unknown}
 e - 2 scrolls of fear {unknown}
 i - 4 scrolls of identify {unknown}
 n - a scroll of amnesia {unknown}
Potions
 c - a potion of magic
 f - a potion of flight {unknown}
 g - 3 potions of curing {unknown}
 k - a potion of mutation {unknown}
 l - a potion of lignification {unknown}


   Skills:
 + Level 0.1 Fighting
 + Level 0.7 Armour
 + Level 2.0 Dodging
 + Level 2.5 Stealth
 + Level 0.2 Unarmed Combat
 + Level 2.6 Spellcasting
 + Level 0.7 Transmutations
 + Level 4.6 Earth Magic


You had 4 spell levels left.
You knew the following spells:

 Your Spells              Type           Power      Damage    Failure   Level
a - Sandblast             Erth           36%        2d10      3%          1
b - Stone Arrow           Conj/Erth      20%        3d8       26%         3

Your spell library contained the following spells:

 Spells                   Type           Power      Damage    Failure   Level
 Passwall                 Tmut/Erth      9%         N/A       12%         2
 Magic Dart               Conj           8%         1d3       24%         1
 Searing Ray              Conj           4%         2d4       34%         2
 Petrify                  Tmut/Erth      11%        N/A       58%         4
 Iskenderun's Mystic Bla  Conj/Tloc      2%         2d3       93%         4
 Freezing Cloud           Conj/Ice/Air   1%         6-21      100%        5


Dungeon Overview and Level Annotations

Branches:
Dungeon (2/15)

Altars:


Innate Abilities, Weirdness & Mutations

You are immune to sickness and miasma.
Your stone body is resilient. (AC +3)
You are immune to poison.
You resist negative energy. (rN+)
You are resistant to electric shocks. (rElec)
You are resistant to unholy torment.
You are immune to petrification.


Message History

The gnoll is almost dead.
The gnoll hits you with a +0 flail.
Aiming: Sandblast (safe; 3% risk of failure)
Press: ? - help, Q - select action, (/) - cycle Shift-Dir - straight line, f/p - gnoll
Aim: a gnoll, wielding a +0 flail (82% to hit)
The blast of sand hits the gnoll.
The gnoll is almost dead.
The gnoll closely misses you.
You hit the gnoll.
You kill the gnoll!
You have reached level 4!
You feel stronger.
You hit the gnoll but do no damage.
The gnoll is almost dead.
The gnoll hits you with a +0 flail.
You hit the gnoll but do no damage.
The gnoll is almost dead.
The gnoll hits you with a +0 flail.
Aiming: Sandblast (safe; 3% risk of failure)
Press: ? - help, Q - select action, (/) - cycle Shift-Dir - straight line, f/p - gnoll
Aim: a gnoll, wielding a +0 flail (82% to hit)
The blast of sand hits the gnoll!
You kill the gnoll!
You hit the gnoll.
The gnoll is lightly wounded.
The gnoll hits you with a +0 flail.
* * * LOW HITPOINT WARNING * * *
You don't have enough magic to cast this spell.
The gnoll attacks as you move away! The gnoll completely misses you.
The gnoll attacks as you move away! The gnoll completely misses you.
The gnoll attacks as you move away! The gnoll hits you with a +0 flail.
* * * LOW HITPOINT WARNING * * *
The gnoll attacks as you move away! The gnoll barely misses you.
Aiming: Sandblast (safe; 3% risk of failure)
Press: ? - help, Q - select action, (/) - cycle Shift-Dir - straight line, f/p - gnoll
Aim: a gnoll, wielding a +0 flail (lightly wounded, 82% to hit)
The blast of sand hits the gnoll!
The gnoll is severely wounded.
The gnoll hits you with a +0 flail.
You die...

.......#.#
#..#########
.(.....#)#
##.#########
.......#.#
#..........
.......#.#
#..#...####
.......#.# #..#...#
####+#.#.#
#..#...#### #.#
#......'...
#.##########....####
#.g@.........>..#
####.....########
#.....# #.....#
#.....# #.....#
#######


You could see a gnoll.

Vanquished Creatures
  3 gnolls (D:2)
  2 dart slugs
  5 ball pythons
  6 endoplasms
  2 giant cockroaches (D:1)
  2 hobgoblins
  3 kobolds (D:1)
  2 quokkas
  3 bats
  2 frilled lizards (D:1)
  3 goblins (D:1)
  3 rats
36 creatures vanquished.

Notes
Turn   | Place    | Note
-------+----------+-------------------------------------------
     0 | D:1      | happo123 the Gargoyle Earth Elementalist began the quest
                  | for the Orb.
     0 | D:1      | Reached XP level 1. HP: 10/10 MP: 3/3
   229 | D:1      | Reached XP level 2. HP: 15/15 MP: 3/5
   292 | D:1      | Reached skill level 4 in Earth Magic
   441 | D:1      | Got the Guide on Attacks
   512 | D:1      | Reached XP level 3. HP: 13/19 MP: 0/6
  1057 | D:2      | Learned a level 3 spell: Stone Arrow
  1070 | D:2      | Reached XP level 4. HP: 18/24 MP: 0/7
  1077 | D:2      | HP: 1/24 [gnoll/+0 flail (5)]
  1081 | D:2      | Slain by a gnoll

Illustrated notes

Levels and vault maps discovered:
D:1:      arrival_zaba_pyramid, layout_rooms
D:2:      minmay_chambers_of_ones, layout_basic

Skill      XL: |  1  2 |
---------------+-------+-----
Earth Magic    | 4 |  4.6
Dodging        | 2 |  2.0
Fighting       | |  0.1
Armour         | |  0.7
Stealth        | |  2.5
Unarmed Combat | |  0.2
Spellcasting   | |  2.6
Transmutations | |  0.7

Action                   |  1- 3 |  4- 6 || total
-------------------------+-------+-------++-------
Melee: Unarmed           |    34 |     3 ||    37
 Cast: Sandblast         |    44 |     2 ||    46
 Stab: Sleeping          |     1 |       ||     1
Armor: Leather armour    |    18 |       ||    18
Dodge: Dodged            |    41 |     3 ||    44

Table legend: (Time is in decaauts)
 A = Elapsed time spent in this place.
 B = Non-inter-level travel time spent in this place.
 C = Inter-level travel time spent in this place.
 D = Time resting spent in this place.
 E = Time spent auto-exploring this place.
 F = Levels seen in this place.
 G = Mean time per level.
                   A        B        C        D        E       F      G
               +--------+--------+--------+--------+--------+-----+--------+
         Total |   1080 |    743 |    337 |     55 |    448 |   2 |  540.0 |
       Dungeon |   1080 |    743 |    337 |     55 |    448 |   2 |  540.0 |
               +--------+--------+--------+--------+--------+-----+--------+

Top non-repeatable levels by time:
     D:1: 726 daAuts
     D:2: 354 daAuts
